 Dungeon Crawl Stone Soup version 0.22-a0-858-g985ef60 (webtiles) character file.

2223 sking99 the Grappler (level 9, 0/93 HPs)
             Began as an Ogre Transmuter on July 27, 2018.
             Was an Initiate of Gozag.
             Slain by a wyvern (13 damage)
             ... on level 8 of the Dungeon.
             The game lasted 00:15:54 (9780 turns).

sking99 the Grappler (Ogre Transmuter)              Turns: 9780, Time: 00:15:55

Health: 0/93       AC:  5    Str: 16    XL:     9   Next: 35%
Magic:  12/15      EV: 19    Int: 17    God:    Gozag
Gold:   1056       SH:  0    Dex: 17    Spells: 5/16 levels left

rFire    . . .     SeeInvis .     - Unarmed
rCold    . . .     Gourm    .   (shield currently unavailable)
rNeg     . . .     Faith    .   (armour currently unavailable)
rPois    x         Spirit   .   (helmet currently unavailable)
rElec    .         Reflect  .   (cloak currently unavailable)
rCorr    .         Harm     .   (gloves unavailable)
MR       .....                  (boots unavailable)
Stlth    ++........             (no amulet)
HPRegen  0.25/turn              l - +3 ring of intelligence
MPRegen  0.14/turn              v - +3 ring of protection

@: spider-form
A: tiny, unfitting armour
a: End Transformation, Potion Petition, Call Merchant, Bribe Branch, Renounce
Religion


You were on level 8 of the Dungeon.
You worshipped Gozag.
Gozag was most pleased with you.
You were not hungry.
You were a venomous arachnid creature.
You visited 1 branch of the dungeon, and saw 8 of its levels.

You collected 1080 gold pieces.
You paid 24 gold pieces to Gozag.

Inventory:

Missiles
 a - 130 arrows
Armour
 b - a +0 robe
 n - a +2 robe of magic resistance (melded)
 q - a cursed +1 cloak (melded)
Jewellery
 l - a +3 ring of intelligence (left front leg)
 o - an uncursed ring of protection from cold
 v - a +3 ring of protection (right front leg)
Wands
 y - a wand of iceblast (11)
Scrolls
 e - 2 scrolls of fear
 g - 3 scrolls of teleportation
 h - 5 scrolls of remove curse
 k - a scroll of fog
 m - a scroll of amnesia
 r - a scroll of immolation
 s - 2 scrolls of brand weapon
Potions
 c - 5 potions of curing
 f - a potion of magic
 i - 2 potions of mutation
 j - 6 potions of haste
 u - a potion of flight
 w - 2 potions of agility
 z - a potion of degeneration
 A - a potion of berserk rage
Comestibles
 d - 10 rations


   Skills:
 - Level 7.3 Fighting
 - Level 1.7 Dodging
 + Level 9.0 Unarmed Combat
 - Level 4.0 Spellcasting
 + Level 0.9 Hexes
 - Level 4.0 Transmutations
 - Level 1.0 Poison Magic


You had 5 spell levels left.
You knew the following spells:

 Your Spells              Type           Power        Failure   Level  Hunger
a - Confusing Touch       Hex            #.....       26%         1    None
b - Sticks to Snakes      Tmut           ###.....     14%         2    ##.....
c - Spider Form           Tmut/Pois      ##........   36%         3    ###....
d - Apportation           Tloc           #.....       34%         1    None
e - Ice Form              Ice/Tmut       ##......     77%         4    ####...

Your spell library contained the following spells:

 Spells                   Type           Power        Failure   Level  Hunger
 Summon Small Mammal      Summ           #...         34%         1    None
 Animate Skeleton         Necr           N/A          34%         1    None
 Blade Hands              Tmut           ###.......   82%         5    ######.
 Beastly Appendage        Tmut           ###...       11%         1    None


Dungeon Overview and Level Annotations

Branches:
Dungeon (8/15)             Temple (0/1) D:5
   Lair: D:8-11

Altars:
Elyvilon
Gozag
Kikubaaqudgha
Okawaru
Qazlal
Ru
Trog
Yredelemnul
The Shining One

Annotations:
D:7 exclusion: oklob plant


Innate Abilities, Weirdness & Mutations

You are too large for most types of armour.
((You have tough skin. (AC +1)))


Message History

The wyvern is severely wounded.
The wyvern closely misses you. The wyvern bites you!
* * * LOW HITPOINT WARNING * * *
Casting: Spider Form (safe; 17% risk of failure)
Confirm with . or Enter, or press ? or * to list all spells.
You turn into a venomous arachnid creature.
Your cursed +1 cloak melds into your body.
Your +2 robe of magic resistance melds into your body.
You feel less resistant to hostile enchantments.
The wyvern completely misses you.
You hit the wyvern but do no damage.
The wyvern is poisoned.
The wyvern is severely wounded.
The wyvern closely misses you.
You barely miss the wyvern.
The wyvern is severely wounded.
The wyvern bites you!
* * * LOW HITPOINT WARNING * * *
The wyvern bites you!
You die...
Your body crumbles into a pile of gold.

#.... .... ...# ..#
.<# #.# # # .##.#.
#.###..# .#...
..#####sl....# .#..
.......?####.###...
..##.....###..#...#
#?#...<##...§..#
#.##...###.§§§§# #
##.....§.§§§#.#
#......§§§§.§#
#####..####§.#
##...# #


You could see a wyvern.

Vanquished Creatures
  Edmund (D:6)
  Duvessa (D:7)
  A water moccasin (D:6)
  An orc warrior (D:7)
  A sky beast (D:7)
  A black bear (D:7)
  2 ogres (D:7)
  2 centaurs
  2 bullfrogs
  Dowan (D:7)
  2 scorpions
  A crimson imp (D:7)
  2 bullfrog zombies
  5 jellies
  Crazy Yiuf (D:7)
  A hound (D:7)
  3 orc wizards
  2 iguanas
  12 worker ants
  8 adders
  A howler monkey skeleton (D:7)
  A howler monkey zombie (D:5)
  3 shadow imps
  19 oozes
  An adder zombie (D:6)
  5 worms
  A dart slug (D:4)
  2 leopard geckos
  13 orcs
  6 bats
  7 giant cockroaches
  10 goblins
  7 hobgoblins
  3 kobolds
  5 quokkas
  A ball python (D:2)
  2 frilled lizards
  A jackal skeleton (D:4)
  2 leopard gecko skeletons
  A quokka zombie (D:7)
  7 rats
148 creatures vanquished.

Vanquished Creatures (others)
  6 fungi (D:7)
6 creatures vanquished.

Grand Total: 154 creatures vanquished

Notes
Turn   | Place    | Note
-------+----------+-------------------------------------------
     0 | D:1      | sking99 the Ogre Transmuter began the quest for the Orb.
     0 | D:1      | Reached XP level 1. HP: 19/19 MP: 3/3
    34 | D:1      | Reached skill level 3 in Unarmed Combat
   114 | D:1      | Reached XP level 2. HP: 26/28 MP: 5/5
   162 | D:1      | Learned a level 2 spell: Sticks to Snakes
  1310 | D:2      | Reached XP level 3. HP: 27/36 MP: 3/6
  1434 | D:2      | Learned a level 3 spell: Spider Form
  1453 | D:2      | Found an opulent altar of Gozag.
  1745 | D:2      | Reached XP level 4. HP: 16/44 MP: 0/7
  2045 | D:2      | Reached skill level 1 in Poison Magic
  3005 | D:2      | Became a worshipper of Gozag Ym Sagoz the Greedy
  3384 | D:3      | Reached skill level 4 in Unarmed Combat
  3595 | D:3      | Reached XP level 5. HP: 50/50 MP: 8/8
  4174 | D:4      | Found a basalt altar of Yredelemnul.
  4282 | D:4      | Reached XP level 6. HP: 35/59 MP: 5/10
  4694 | D:4      | Found a bloodstained altar of Trog.
  4941 | D:4      | Found a glowing golden altar of the Shining One.
  5002 | D:4      | Found a white marble altar of Elyvilon.
  5047 | D:5      | Entered Level 5 of the Dungeon
  5382 | D:5      | Reached XP level 7. HP: 36/66 MP: 9/12
  5384 | D:5      | Reached skill level 5 in Unarmed Combat
  5751 | D:5      | Found a staircase to the Ecumenical Temple.
  6403 | D:6      | Reached skill level 6 in Unarmed Combat
  6484 | D:6      | Noticed Edmund
  6515 | D:6      | HP: 3/66 [Edmund/flail of holy wrath (3)]
  6528 | D:6      | Killed Edmund
  6528 | D:6      | Reached XP level 8. HP: 6/74 MP: 11/14
  6709 | D:6      | Reached skill level 7 in Unarmed Combat
  6911 | D:6      | Found a sacrificial altar of Ru.
  6911 | D:6      | Found a stormy altar of Qazlal.
  7197 | D:6      | Found an iron altar of Okawaru.
  7201 | D:6      | Found an ancient bone altar of Kikubaaqudgha.
  7849 | D:7      | Noticed an oklob plant
  7871 | D:7      | Reached skill level 8 in Unarmed Combat
  7885 | D:7      | Reached skill level 5 in Fighting
  8105 | D:7      | Noticed Dowan
  8110 | D:7      | Noticed Duvessa
  8127 | D:7      | Killed Duvessa
  8138 | D:7      | Reached XP level 9. HP: 9/91 MP: 10/15
  8584 | D:7      | Killed Dowan
  8602 | D:7      | Found a runed door.
  9011 | D:7      | Learned a level 1 spell: Confusing Touch
  9013 | D:7      | Learned a level 1 spell: Apportation
  9018 | D:7      | Learned a level 4 spell: Ice Form
  9280 | D:7      | Noticed Crazy Yiuf
  9287 | D:7      | Killed Crazy Yiuf
  9287 | D:7      | Reached skill level 9 in Unarmed Combat
  9355 | D:7      | HP: 4/93 [acid (7)]
  9780 | D:8      | Slain by a wyvern

Vault maps used:
D:1:      saegor_arrival_simple_d, serial_forest, infiniplex_forest_pool,
          infiniplex_forest_clump_curved, infiniplex_forest_straight_3,
          infiniplex_forest_clump_large, infiniplex_forest_clump_tiny,
          infiniplex_forest_end_double, infiniplex_forest_lined_room_2,
          infiniplex_forest_clump_tiny, infiniplex_forest_lined_room_3
D:2:      nicolae_overflow_crystal_walls, kennysheep_generic_room_7
D:3:      first_ration, st_stairs_13
D:4:      kennysheep_ying_yang, nicolae_tso_carved_into_rock,
          lemuel_coloured_pillars_altar, abandoned_shop
D:5:      minmay_temple_entry_junction, zaba_anthole
D:6:      chequers_temple_overflow_statue_of_worship,
          gammafunk_temple_overflow_pools, uniq_edmund
D:7:      lemuel_slime, grunt_ogre_cave, uniq_crazy_yiuf_cottage, uniq_duvessa
D:8:      doesnt_xom_only_xom, gup_ossuary_entry_pyramid, basic_altar, uniq_grum

Skill      XL: |  1  2  3  4  5  6  7  8  9 |
---------------+----------------------------+-----
Unarmed Combat | 3 4 6 8 9 |  9.0
Fighting       | 2 6 7 |  7.3
Transmutations | 2 3 4 |  4.0
Poison Magic   | 1 |  1.0
Spellcasting   | 3 4 |  4.0
Dodging        | |  1.7
Hexes          | |  0.9

Action                   |  1- 3 |  4- 6 |  7- 9 || total
-------------------------+-------+-------+-------++-------
Melee: Unarmed           |   109 |   233 |   296 ||   638
       Punch             |     2 |     4 |     7 ||    13
       Kick              |     1 |       |       ||     1
 Cast: Sticks to Snakes  |     1 |       |     2 ||     3
       Beastly Appendage |     1 |       |       ||     1
       Spider Form       |       |     6 |    21 ||    27
  Use: Scroll            |       |     9 |    12 ||    21
       Potion            |       |       |     1 ||     1
 Stab: Sleeping          |     1 |     2 |     2 ||     5
       Distracted        |       |       |     2 ||     2
  Eat: Chunk             |     3 |     4 |       ||     7
       Ration            |       |     2 |     5 ||     7
Armor: Robe              |    41 |    35 |    52 ||   128
       Skin              |       |       |     5 ||     5
Dodge: Dodged            |    65 |   108 |   152 ||   325

Table legend:
 A = Spawn XP
 B = Non-spawn XP
 C = Spawn XP percentage of total XP
 D = Spawn monster count
 E = Non-spawn monster count
 F = Spawn count percentage of total count
 G = Total turns spent on level
                    A         B        C        D         E        F      G
               +---------+---------+-------+---------+---------+-------+---------
         Total |       0 |    3177 |   0.0 |       0 |     148 |   0.0 |  9780
               +---------+---------+-------+---------+---------+-------+---------
           D:1 |       0 |      22 |   0.0 |       0 |      15 |   0.0 |  1186
           D:2 |       0 |     103 |   0.0 |       0 |      22 |   0.0 |  1833
           D:3 |       0 |      68 |   0.0 |       0 |      22 |   0.0 |  1096
           D:4 |       0 |     276 |   0.0 |       0 |      14 |   0.0 |   932
           D:5 |       0 |     383 |   0.0 |       0 |      13 |   0.0 |  1323
           D:6 |       0 |     610 |   0.0 |       0 |      13 |   0.0 |   938
           D:7 |       0 |    1625 |   0.0 |       0 |      48 |   0.0 |  2429
           D:8 |       0 |      90 |   0.0 |       0 |       1 |   0.0 |    43
               +---------+---------+-------+---------+---------+-------+---------
